 Dungeon Crawl Stone Soup version 0.31.0-11-ge490571c62 (webtiles) character file.

Game seed: 7932404820694784038

59 cdecastro the Changeling (level 3, -7/43 HPs)
             Began as a Draconian Shapeshifter on Jan 29, 2024.
             Was a Believer of Elyvilon.
             Mangled by Grinder (8 damage)
             ... on level 3 of the Dungeon.
             The game lasted 00:02:01 (1577 turns).

cdecastro the Changeling (Draconian Shapeshifter)   Turns: 1577, Time: 00:02:02

Health: -7/43      AC: 21    Str: 16    XL:     3   Next: 78%
Magic:  3/3        EV:  2    Int: 10    God:    Elyvilon [**....]
Gold:   69         SH:  0    Dex: 12    Spells: 2/2 levels left

rFire   . . .        e - +1 dagger (venom)
rCold   . . .        (no shield)
rNeg    . . .        (body armour unavailable)
rPois   +            (helmet currently unavailable)
rElec   .            (cloak currently unavailable)
rCorr   .            (gloves currently unavailable)
SInv    .            (boots currently unavailable)
Will    .....        (no amulet)
Stlth   +            (no ring)
HPRegen 0.27/turn    (no ring)
MPRegen 0.08/turn

%: no passive effects
@: tree-form
A: stationary, stasis, torment immunity, boosted hp, AC +5, unfitting armour,
(cold-blooded)
a: Renounce Religion, Purification, Heal Other


You were on level 3 of the Dungeon.
You worshipped Elyvilon.
Elyvilon was pleased with you.
You were a tree.
You visited 1 branch of the dungeon, and saw 3 of its levels.

You collected 69 gold pieces.

Inventory:

Hand Weapons
 e - a +1 dagger of venom (weapon)
Magical Staves
 l - a staff of fire
Talismans
 b - a beast talisman
 c - a flux talisman
Scrolls
 f - a scroll of revelation {unknown}
 h - 2 scrolls of poison {unknown}
 i - a scroll of immolation {unknown}
 m - a scroll of vulnerability {unknown}
Potions
 d - 2 potions of heal wounds {unknown}
 g - a potion of mutation {unknown}
 j - a potion of attraction {unknown}
 k - a potion of brilliance {unknown}
 n - a potion of curing {unknown}


   Skills:
 + Level 1.6 Fighting
 - Level 1.7 Dodging
 - Level 3.4 Unarmed Combat
 * Level 4.1 Shapeshifting


You had 2 spell levels left.
You didn't know any spells.
Your spell library contained the following spells:

 Spells                   Type           Power      Damage    Failure   Level
 Manifold Assault         Tloc           0%         N/A       98%         4
 Dispersal                Tloc           0%         N/A       100%        6
 Disjunction              Tloc           0%         N/A       100%        8


Dungeon Overview and Level Annotations

Branches:
Dungeon (3/15)

Altars:
Elyvilon
Qazlal

Annotations:
D:3 Grinder


Innate Abilities, Weirdness & Mutations

You are a tree.
Your roots penetrate the ground, keeping you stationary.
You cannot be teleported.
You are immune to unholy pain and torment.
Your maximum health is greatly increased.
Your equipment is partially melded.
((Your plain brown scales are hard. (AC +5)))
You cannot fit into any form of body armour.
((You are cold-blooded and may be slowed by cold attacks.))


Message History

Grinder is heavily wounded.
Grinder gestures at you.
You suddenly lose the ability to move!
Grinder hits you but does no damage. Grinder hits you.
* * * LOW HITPOINT WARNING * * *
You writhe in agony.
* * * LOW HITPOINT WARNING * * *
Grinder hits you but does no damage. x2
You can move again.
Unknown command.
You barely miss Grinder.
Grinder is heavily wounded.
Grinder hits you but does no damage.
You hit Grinder.
Grinder is severely wounded.
Grinder blinks!
You cannot move.
Unknown command.
You hit Grinder.
Grinder is severely wounded.
Grinder hits you but does no damage.
You completely miss Grinder.
Grinder is severely wounded.
Grinder looks more healthy.
Grinder hits you but does no damage.
You hit Grinder but do no damage.
Grinder is poisoned.
Grinder is almost dead.
Grinder hits you but does no damage.
You barely miss Grinder.
Grinder is almost dead.
Grinder hits you.
* * * LOW HITPOINT WARNING * * *
You writhe in agony.
* * * LOW HITPOINT WARNING * * *
Unknown command.
You closely miss Grinder.
Grinder is almost dead.
Grinder hits you!
You die...
Grinder sighs, "Dead already?
I want a refund."

# [ ########### .#
#.........##.##
########.#.##..$......
.........#.##........)
#.....<..♣......##.##.
#.#####.#5#....$......
#.#.#.###.##.##.
#.#.... .# #.###:## ##
... ..# ### ###


You could see Grinder (very poisoned).

Vanquished Creatures
  A ribbon worm (D:2)
  2 dart slugs
  An endoplasm (D:2)
  A giant cockroach (D:2)
  3 goblins
  6 hobgoblins
  10 jackals
  4 quokkas
  5 ball pythons (D:1)
  5 bats
  3 frilled lizards (D:1)
  3 kobolds
  2 rats (D:1)
46 creatures vanquished.

Notes
Turn   | Place    | Note
-------+----------+-------------------------------------------
     0 | D:1      | cdecastro the Draconian Shapeshifter began the quest for
                  | the Orb.
     0 | D:1      | Reached XP level 1. HP: 16/16 MP: 1/1
    12 | D:1      | Found a faded altar of an unknown god.
    24 | D:1      | Prayed at the altar of an unknown god.
    24 | D:1      | Became a worshipper of Elyvilon the Healer
    24 | D:1      | Reached * piety under Elyvilon
   205 | D:1      | Reached XP level 2. HP: 23/23 MP: 2/2
   381 | D:1      | Reached ** piety under Elyvilon
   617 | D:1      | Reached XP level 3. HP: 25/28 MP: 3/3
   803 | D:2      | Found a stormy altar of Qazlal.
  1061 | D:2      | Reached skill level 4 in Shapeshifting
  1551 | D:3      | Noticed Grinder
  1551 | D:3      | Paralysed by Grinder for 2 turns
  1565 | D:3      | Paralysed by Grinder for 5 turns
  1567 | D:3      | HP: 2/43 [Grinder (5)]
  1576 | D:3      | HP: 1/43 [Grinder (3)]
  1577 | D:3      | Mangled by Grinder

Illustrated notes

Levels and vault maps discovered:
D:1:      eino_arrival_tree_alley, layout_basic, ebering_ecumenical_altar_mist,
          serial_forest, infiniplex_forest_clump_curved,
          infiniplex_forest_lined_2, infiniplex_forest_straight_2,
          infiniplex_forest_clump_double, infiniplex_forest_clump_curved,
          infiniplex_forest_straight_2, infiniplex_forest_lined_3,
          infiniplex_forest_diagonal
D:2:      layout_loops_ring, basic_altar
D:3:      layout_loops_ring, serial_shops, nicolae_shop_getting_attention,
          minmay_misc_feat_room, uniq_grinder

Skill      XL: |  1  2  3 |
---------------+----------+-----
Shapeshifting  | 4 |  4.1
Fighting       | |  1.6
Dodging        | |  1.7
Unarmed Combat | |  3.4

Action                     || total
---------------------------++-------
  Melee: Dagger            ||   125
         Unarmed           ||     7
         Tailslap          ||     9
         Punch             ||     2
    Use: Potion            ||     1
   Stab: Sleeping          ||     1
 Armour: Skin              ||    71
  Dodge: Dodged            ||    79
